 Dungeon Crawl Stone Soup version 0.32-a0-685-g93135e86f0 (console) character file.

Game seed: 7493878905068961958

1516 zenocrate the Magician (level 8, -5/54 HPs)
             Began as an Octopode Earth Elementalist on Mar 12, 2024.
             Slain by a wight
             ... wielding a +5 spear
              (6 damage)
             ... on level 5 of the Dungeon.
             The game lasted 00:10:20 (5612 turns).

zenocrate the Magician (OpEE)                       Turns: 5612, Time: 00:10:21

Health: -5/54      AC:  1    Str: 14    XL:     8   Next: 83%
Magic:  1/15       EV: 14    Int: 25    God:
Gold:   365        SH:  0    Dex: 12    Spells: 10/17 levels left

rFire   . . .        a - staff of conjuration
rCold   . . .        (no shield)
rNeg    . . .        (helmet restricted)
rPois   .            (no amulet)
rElec   .            h - +6 ring of strength
rCorr   .            e - +6 ring of intelligence
SInv    .            (no ring)
Will    .....        (no ring)
Stlth   +++          (no ring)
HPRegen 0.29/turn    (no ring)
MPRegen 0.14/turn    (no ring)
                     (no ring)

%: no passive effects
@: lethally poisoned (-5 -> -8), slowed, very slow
A: almost no armour, amphibious, 8 rings, camouflage 1, gelatinous body 1,
(nimble swimmer 1), tentacles
a: no special abilities


You were on level 5 of the Dungeon.
You visited 1 branch of the dungeon, and saw 6 of its levels.
You also visited: Ossuary.

You collected 365 gold pieces.

Inventory:

Magical Staves
 a - a staff of conjuration (weapon)
Jewellery
 e - a +6 ring of intelligence (right tentacle)
 h - a +6 ring of strength (left tentacle)
 i - an amulet of faith
Talismans
 m - the flux talisman of Liberty {+Blink SInv}
   (You found it on level 2 of the Dungeon)

   [flux talisman]

   SInv:      It lets you see invisible.
   +Blink:    It lets you blink.
Scrolls
 b - 4 scrolls of torment
 c - a scroll of fear {unknown}
 f - a scroll of fog
 l - a scroll of teleportation
 p - a scroll of noise {unknown}
Potions
 g - a potion of lignification {unknown}
 j - a potion of mutation {unknown}
 r - a potion of ambrosia {unknown}


   Skills:
 + Level 3.9 Fighting
 + Level 4.8 Dodging
 - Level 3.0 Stealth
 - Level 1.5 Unarmed Combat
 * Level 5.1 Spellcasting
 + Level 4.1 Conjurations
 + Level 5.1 Earth Magic
 + Level 3.3 Evocations


You had 10 spell levels left.
You knew the following spells:

 Your Spells              Type           Power      Damage    Failure   Level
a - Stone Arrow           Conj/Erth      88%        3d12      3%          3
b - Sandblast             Erth           64%        2d14      1%          1
z - Passwall              Erth           32%        N/A       3%          3

Your spell library contained the following spells:

 Spells                   Type           Power      Damage    Failure   Level
 Brom's Barrelling Bould  Conj/Erth      44%        2d6       12%         4
 Petrify                  Alch/Erth      19%        N/A       28%         4


Dungeon Overview and Level Annotations

Branches:
Dungeon (6/15)            Ossuary (visited)
 Temple: D:4-7

Altars:
Qazlal

Shops:
D:3 :


Innate Abilities, Weirdness & Mutations

You cannot wear most types of armour.
You are amphibious.
You can wear up to eight rings at the same time.
Your skin changes colour to match your surroundings (Stealth+).
Your rubbery body absorbs attacks. (AC +1, EV +1)
((You are camouflaged when in or above water. (Stealth+)))
You have tentacles for arms and can constrict up to eight enemies at once.


Message History

Things that are here:
a +0 dagger; a kobold corpse You feel very sick.
The kobold brigand throws a curare-tipped dart.
The curare-tipped dart barely misses you.
Casting: Stone Arrow (dangerous; 3% risk of failure)
Confirm with . or Enter, or press ? or * to list all spells.
Aiming: Stone Arrow (dangerous; 3% risk of failure)
Press: ? - help, Shift-Dir - straight line, f/p - kobold brigand
Aim: a kobold brigand, wielding a +0 whip and quivering curare-tipped darts (severely wounded, 70% to hit)
You feel a surge of power!
The stone arrow hits the wight!
You destroy the wight!
You feel very sick.
Your Spellcasting skill increases to level 5!
Casting: Stone Arrow (dangerous; 3% risk of failure)
Confirm with . or Enter, or press ? or * to list all spells.
Aiming: Stone Arrow (dangerous; 3% risk of failure)
Press: ? - help, Shift-Dir - straight line, f/p - kobold brigand
Aim: a kobold brigand, wielding a +0 whip and quivering curare-tipped darts (severely wounded, 70% to hit)
You feel a surge of power!
The stone arrow hits the kobold brigand!!
You kill the kobold brigand!
You feel very sick.
The wight hits you from afar with a +5 spear!
* * * LOW HITPOINT WARNING * * *
You feel drained.
* * * LOW HITPOINT WARNING * * *
Your life force feels restored.
Okay, then.
Casting: Stone Arrow (dangerous; 3% risk of failure)
Confirm with . or Enter, or press ? or * to list all spells.
Aiming: Stone Arrow (dangerous; 3% risk of failure)
Press: ? - help, Shift-Dir - straight line, f - wight
Aim: a wight, wielding a +5 spear and wearing a +0 robe (76% to hit)
You feel a surge of power!
The stone arrow hits the wight!
The wight is heavily damaged.
* * * LOW HITPOINT WARNING * * *
You feel sick.
The wight hits you from afar with a +5 spear.
You die...

*,,,,,****,,**,****,,**,* ##.####
,,,,,,,* *,<**,* *,,**,###......
,,,∩,,,* *,,**,* *,,#.,,....####
,,,,,,,* *,,**,****,,#?.###..# #
*,,,,,****,,**,**,,,,......(÷####
**,,,****,,,,,,,,,**,.........).K
,,,,,,,,,,,,**,******#..####.###.
***********,,,,,,,,,,o,ß#.#).ß##.
*,*#,*****#####...####.
#.##.######.†....#.#.(.
#?....@)>..........###.
**#.##.###z...##......##.
*,,,..,* #.######...####.
*,#.#*** #.# * ##.##ß*#> *,#,*
#.# ***#...**## *,*,* #.# ###.# #
*,*,* #.# *.# # *,*,* #.# *,* #
*,*,******,* *,* # *,,,,,,,,,,*
*,* ******,*************,*


You could see a wight.

Vanquished Creatures
  Grinder (D:3)
  A black bear (D:4)
  A kobold brigand (D:5)
  5 elf zombies (Ossuary)
  A burial acolyte (Ossuary)
  A wight (D:5)
  A howler monkey (D:4)
  4 centaur zombies (Ossuary)
  2 hounds (D:4)
  2 human zombies (Ossuary)
  An orc priest (D:3)
  Jessica (D:3)
  An iguana (D:5)
  Natasha (twice) (D:3)
  A killer bee zombie (Ossuary)
  A bullfrog simulacrum (Ossuary)
  2 hound zombies (Ossuary)
  3 mummies (Ossuary)
  5 adders
  A shadow imp (D:6)
  A white imp (D:5)
  4 adder zombies (Ossuary)
  2 dart slugs
  2 ribbon worms
  8 orcs
  4 ball pythons
  8 endoplasms
  4 giant cockroaches
  8 hobgoblins
  2 jackals (D:4)
  4 quokkas
  3 ball python zombies (Ossuary)
  6 bats
  3 frilled lizards
  11 goblins
  5 jackal zombies (Ossuary)
  11 kobolds
  A kobold zombie (Ossuary)
  An orc zombie (Ossuary)
  10 rats
135 creatures vanquished.

Vanquished Creatures (others)
  A sky beast (D:5)
1 creature vanquished.

Grand Total: 136 creatures vanquished

Notes
Turn   | Place    | Note
-------+----------+-------------------------------------------
     0 | D:1      | zenocrate the Octopode Earth Elementalist began the quest
                  | for the Orb.
     0 | D:1      | Reached XP level 1. HP: 11/11 MP: 3/3
   277 | D:1      | Reached XP level 2. HP: 18/18 MP: 1/5
   651 | D:1      | Found a faded altar of an unknown god.
   859 | D:1      | Reached XP level 3. HP: 22/22 MP: 4/6
   863 | D:1      | Learned a level 3 spell: Stone Arrow
  1341 | D:2      | Reached skill level 1 in Fighting
  1554 | D:2      | Identified the flux talisman of Liberty {+Blink SInv}
  1621 | D:2      | Reached XP level 4. HP: 28/28 MP: 4/7
  2123 | D:3      | Noticed Grinder
  2136 | D:3      | Killed Grinder
  2137 | D:3      | Reached skill level 1 in Unarmed Combat
  2137 | D:3      | Reached XP level 5. HP: 6/34 MP: 4/9
  2137 | D:3      | Reached XP level 6. HP: 7/39 MP: 4/10
  2510 | D:3      | Noticed Jessica
  2513 | D:3      | Killed Jessica
  2571 | D:3      | Noticed Natasha
  2576 | D:3      | Killed Natasha
  2674 | D:3      | Learned a level 3 spell: Passwall
  2692 | D:3      | Found Yfivu's Book Boutique.
  2888 | D:3      | Noticed Natasha
  2893 | D:3      | Killed Natasha
  3074 | D:4      | Noticed a black bear
  3082 | D:4      | Killed a black bear
  3083 | D:4      | Reached skill level 1 in Evocations
  3083 | D:4      | Reached XP level 7. HP: 17/45 MP: 0/12
  4122 | D:5      | Entered Level 5 of the Dungeon
  4130 | D:5      | Found a stormy altar of Qazlal.
  4146 | D:5      | Found a sand-covered staircase.
  4161 | Ossuary  | Entered an ossuary
  4482 | Ossuary  | Reached XP level 8. HP: 40/52 MP: 0/14
  4976 | Ossuary  | HP: 2/52 [elf zombie (6)]
  5268 | Ossuary  | Reached skill level 5 in Earth Magic
  5611 | D:5      | Reached skill level 5 in Spellcasting
  5612 | D:5      | HP: 1/54 [poisoned by a kobold brigand (curare-tipped
                  | dart)]
  5612 | D:5      | Slain by a wight

Illustrated notes

Levels and vault maps discovered:
D:1:      heliophobic_arrival_enchanted_forest, layout_basic,
          shapermc_ecumenical_altar_acropolis, minmay_misc_feat_room,
          minmay_pentomino_v4
D:2:      layout_basic, kennysheep_potato
D:3:      layout_rooms, serial_shops, nicolae_shop_crystal, uniq_grinder,
          uniq_jessica, uniq_natasha
D:4:      layout_basic, minmay_parallelograms
D:5:      layout_loops_ring, mainiacjoe_overflow_six_doors_small,
          general_overflow_altar, serial_shops,
          nicolae_shop_bloodbath_and_beyond,
          lightli_ossuary_entry_decrepit_ruins, chequers_avenue
D:6:      layout_basic, gammafunk_temple_overflow_claw

Skill      XL: |  1  2  3  4  5  6  7  8 |
---------------+-------------------------+-----
Fighting       | 1 2 3 |  3.9
Dodging        | 3 4 |  4.8
Unarmed Combat | 1 |  1.5
Spellcasting   | 3 4 5 |  5.1
Conjurations   | 2 3 4 |  4.1
Earth Magic    | 4 5 |  5.1
Stealth        | 3 |  3.0
Evocations     | 1 2 3 |  3.3

Action                     |  1- 3 |  4- 6 |  7- 9 || total
---------------------------+-------+-------+-------++-------
  Melee: Unarmed           |     8 |     9 |       ||    17
         Constrict         |     1 |     6 |    16 ||    23
         Tentacles         |       |     4 |    19 ||    23
         Staff             |       |     7 |    53 ||    60
   Cast: Sandblast         |    43 |    36 |     8 ||    87
         Stone Arrow       |       |    15 |    66 ||    81
    Use: Scroll            |       |     4 |     6 ||    10
         Potion            |       |     3 |     5 ||     8
 Armour: Skin              |     3 |    16 |    61 ||    80
  Dodge: Dodged            |     7 |    14 |    46 ||    67

Table legend: (Time is in decaauts)
 A = Elapsed time spent in this place.
 B = Non-inter-level travel time spent in this place.
 C = Inter-level travel time spent in this place.
 D = Time resting spent in this place.
 E = Time spent auto-exploring this place.
 F = Levels seen in this place.
 G = Mean time per level.
                   A        B        C        D        E       F      G
               +--------+--------+--------+--------+--------+-----+--------+
         Total |   5628 |   5452 |    176 |    161 |   4523 |   7 |  804.0 |
       Dungeon |   4399 |   4223 |    176 |    161 |   3467 |   6 |  733.2 |
       Ossuary |   1228 |   1228 |      0 |      0 |   1055 |   1 | 1228.0 |
               +--------+--------+--------+--------+--------+-----+--------+

Top non-repeatable levels by time:
     D:1: 1251 daAuts
 Ossuary: 1228 daAuts
     D:4: 1116 daAuts
     D:3: 894 daAuts
     D:2: 885 daAuts
     D:6: 166 daAuts
     D:5: 85 daAuts
